 Dungeon Crawl Stone Soup version 0.20.0-15-g7f486f2 (webtiles) character file.

517 Chiseanne the Skirmisher (level 7, 56/56 HPs)
             Began as a Demonspawn Wanderer on June 11, 2017.
             Quit the game on level 4 of the Dungeon.
             The game lasted 00:08:15 (4174 turns).

Chiseanne the Skirmisher (Demonspawn Wanderer)      Turns: 4174, Time: 00:08:16

Health: 56/56      AC: 10    Str: 12    XL:     7   Next: 0%
Magic:  7/7        EV: 12    Int: 16    God:
Gold:   123        SH:  0    Dex: 12    Spells: 6/6 levels left

rFire    . . .     SeeInvis .   a - +2 dagger (venom)
rCold    . . .     Gourm    .   (no shield)
rNeg     . . .     Faith    .   D - +0 ring mail
rPois    .         Spirit   +   (no helmet)
rElec    .         Reflect  .   (no cloak)
rCorr    .         Harm     .   v - +0 pair of gloves
MR       .....                  (no boots)
Stlth    +.........             (no amulet)
Regen    0.2/turn               k - ring of wizardry
MPRegen  0.1/turn               (no ring)

@: no status effects
A: yellow scales 2, demonic guardian 1, magic shield
a: no special abilities


You were on level 4 of the Dungeon.
You were not hungry.

You visited 1 branch of the dungeon, and saw 4 of its levels.

You collected 123 gold pieces.

Inventory:

Hand Weapons
 a - a +2 dagger of venom (weapon)
 c - a +0 hand crossbow
 s - a +0 short sword of protection
 H - a +4 scythe of venom
Missiles
 d - 40 bolts
 f - 51 poisoned needles
 o - 121 stones (quivered)
 p - 17 sling bullets
Armour
 m - a +0 shield
 v - a +0 pair of gloves (worn)
 D - a +0 ring mail (worn)
 I - a +1 robe of fire resistance
Jewellery
 j - an uncursed ring of fire {unknown}
 k - a ring of wizardry (left hand)
 q - an uncursed ring of fire {unknown}
Wands
 y - a wand of lightning (7/15)
 z - a wand of iceblast (8/15)
 C - a wand of polymorph (13/24)
Scrolls
 l - 2 scrolls of random uselessness {unknown}
 n - a scroll of recharging {unknown}
 r - 4 scrolls of identify {unknown}
 u - a scroll of amnesia {unknown}
 x - 2 scrolls of teleportation {unknown}
 A - 2 scrolls of remove curse {unknown}
 E - a scroll of magic mapping {unknown}
Potions
 b - a potion of heal wounds
 e - a potion of lignification
 h - 2 potions of might {unknown}
 i - 2 potions of invisibility {unknown}
 t - a potion of flight {unknown}
 B - a potion of ambrosia {unknown}
 F - a potion of degeneration {unknown}
Comestibles
 g - 3 bread rations
 w - a meat ration
 G - a royal jelly
 J - 2 chunks of flesh


   Skills:
 * Level 5.0 Fighting
 - Level 1.0 Crossbows
 - Level 1.0 Throwing
 * Level 4.2 Armour
 * Level 4.0 Dodging
 - Level 1.7 Stealth


You had 6 spell levels left.
You didn't know any spells.

Dungeon Overview and Level Annotations

Branches:
Dungeon (4/15)
 Temple: D:4-7

Altars:
Elyvilon
Fedhas
Hepliaklqana
Kikubaaqudgha
Makhleb
Okawaru
Xom
Zin
The Shining One

Shops:
D:4 ([


Innate Abilities, Weirdness & Mutations

You are mostly covered in yellow scales. (AC +3)
A weak demonic guardian rushes to your aid.
When hurt, damage is shared between your health and your magic reserves.


Message History

The worker ant is lightly wounded.
The worker ant bites you but does no damage.
You hit the worker ant but do no damage.
The worker ant looks as sick as possible!
The worker ant is moderately wounded.
The worker ant bites you.
You are poisoned.
The worker ant poisons you!
You hit the worker ant but do no damage.
The worker ant looks as sick as possible!
The worker ant is severely wounded.
You feel sick.
You kill the worker ant!
Your Fighting skill increases to level 5!
You have reached level 7!
Your demonic ancestry asserts itself...
You feel the presence of a demonic guardian.
You feel sick. x5
You are no longer poisoned.
Are you sure you want to abandon this character and quit the game? (Confirm with "yes".)

#. ######. #......
#...... ###########
#...... ..........#
####... ...>......# ###.
..........# ##..
.......@..# #...
..........## ######..#
...........#####........
...............#........
........................
##########....#.........
##....#########....
#..######## ##.....
#.........###..##.#


There were no monsters in sight!

Vanquished Creatures
  Sigmund (D:4)
  An ogre (D:4)
  A hound (D:4)
  A jelly (D:4)
  2 worker ants (D:4)
  A gnoll (D:1)
  3 adders (D:2)
  2 oozes
  2 worms
  7 dart slugs
  2 leopard geckos
  3 orcs (D:4)
  2 ball pythons
  A giant cockroach (D:2)
  10 goblins
  10 hobgoblins
  5 jackals
  5 quokkas
  10 bats
  2 frilled lizards
  11 kobolds
  A leopard gecko zombie (D:4)
  17 rats
100 creatures vanquished.

Notes
Turn   | Place    | Note
-------+----------+-------------------------------------------
     0 | D:1      | Chiseanne the Demonspawn Wanderer began the quest for the Orb.
     0 | D:1      | Chiseanne set off with: a +2 dagger, a potion of heal wounds, a +0 hand crossbow, 26 bolts, a potion of lignification, a +0 robe, a bread ration
     0 | D:1      | Reached XP level 1. HP: 16/16 MP: 1/1
   307 | D:1      | Gained mutation: You are partially covered in yellow scales. (AC +2) [demonic ancestry]
   307 | D:1      | Reached XP level 2. HP: 21/23 MP: 2/2
   821 | D:2      | Gained mutation: You are mostly covered in yellow scales. (AC +3) [demonic ancestry]
   821 | D:2      | Reached XP level 3. HP: 24/28 MP: 3/3
   966 | D:2      | Reached skill level 3 in Fighting
  1319 | D:2      | Reached XP level 4. HP: 35/35 MP: 4/4
  1670 | D:2      | Found a glowing golden altar of the Shining One.
  2021 | D:2      | Found an iron altar of Okawaru.
  2025 | D:2      | Found a burning altar of Makhleb.
  2025 | D:2      | Found a glowing silver altar of Zin.
  2038 | D:2      | Found a white marble altar of Elyvilon.
  2038 | D:2      | Found a blossoming altar of Fedhas.
  2170 | D:3      | Found an ancient bone altar of Kikubaaqudgha.
  2711 | D:1      | Gained mutation: When hurt, damage is shared between your health and your magic reserves. [demonic ancestry]
  2711 | D:1      | Reached XP level 5. HP: 39/42 MP: 5/5
  3085 | D:4      | Found a shimmering altar of Xom.
  3086 | D:4      | Found a hazy altar of Hepliaklqana.
  3086 | D:4      | Noticed a hell beast
  3087 | D:4      | Noticed a spectral ugly thing
  3087 | D:4      | Noticed a hell beast
  3095 | D:4      | Found Jenont's Weapon Shoppe.
  3143 | D:4      | Reached skill level 4 in Fighting
  3163 | D:4      | Noticed an ogre
  3183 | D:4      | Killed an ogre
  3183 | D:4      | Reached XP level 6. HP: 8/49 MP: 2/6
  3524 | D:4      | Found Gumumpur's Antique Armour Boutique.
  3633 | D:4      | Noticed Sigmund
  3653 | D:4      | Killed Sigmund
  4102 | D:4      | Reached skill level 5 in Fighting
  4102 | D:4      | Gained mutation: A weak demonic guardian rushes to your aid. [demonic ancestry]
  4102 | D:4      | Reached XP level 7. HP: 48/56 MP: 5/7
  4174 | D:4      | Quit the game

Skill      XL: |  1  2  3  4  5  6 |
---------------+-------------------+-----
Dodging        | 2 3 4 |  4.0
Fighting       | 3 4 5 |  5.0
Armour         | 3 4 |  4.2
Crossbows      | |  1.0
Throwing       | |  1.0
Stealth        | |  1.7

Action                   |  1- 3 |  4- 6 |  7- 9 || total
-------------------------+-------+-------+-------++-------
Melee: Dagger            |   132 |   264 |       ||   396
       Short sword       |       |     4 |       ||     4
 Stab: Sleeping          |     2 |     1 |       ||     3
  Eat: Chunk             |     1 |    10 |       ||    11
Armor: Robe              |    43 |     2 |       ||    45
       Ring mail         |       |   113 |       ||   113
Dodge: Dodged            |    79 |   169 |       ||   248
